 Dungeon Crawl Stone Soup version 0.19.1 (webtiles) character file.

1878 AAAAA the Skirmisher (level 9, -1/72 HPs)
             Began as a Human Skald on Nov 30, 2016.
             Was a Priest of Okawaru.
             Succumbed to a hornet's poison
             ... while paralysed by a hornet
             ... on level 7 of the Dungeon.
             The game lasted 00:20:47 (8832 turns).

AAAAA the Skirmisher (Human Skald)                  Turns: 8832, Time: 00:20:48

Health: -1/72      AC:  5    Str: 17    XL:     9   Next: 36%
Magic:  18/24      EV:  2    Int: 13    God:    Okawaru [***...]
Gold:   270        SH:  0    Dex: 14    Spells: 2 memorised, 12 levels left

rFire  . . .     SeeInvis .     a - +0 spear
rCold  . . .     Gourm    .     b - +0 leather armour
rNeg   . . .     Faith    .     (no shield)
rPois  .         Spirit   .     (no helmet)
rElec  .         Reflect  .     C - +1 cloak
rCorr  .         Harm     .     (no gloves)
MR     .....                    (no boots)
Stlth  +.........               (no amulet)
                                x - -2 ring of dexterity
                                e - ring of magical power

@: paralysed, mighty, lethally poisoned (-1 -> -39), about to teleport, infused
(expiring), slowed
A: no striking features
a: Heroism, Renounce Religion


You were on level 7 of the Dungeon.
You worshipped Okawaru.
Okawaru was most pleased with you.
You were not hungry.

You visited 2 branches of the dungeon, and saw 8 of its levels.

You collected 270 gold pieces.

Inventory:

Hand Weapons
 a - a +0 spear (weapon)
Missiles
 q - 35 poisoned needles
Armour
 b - a +0 leather armour (worn)
 s - a +0 ring mail
 C - a +1 cloak (worn)
Jewellery
 e - a ring of magical power (left hand)
 m - an uncursed ring of resist corrosion
 r - a +3 ring of dexterity
 x - a -2 ring of dexterity (right hand)
Wands
 h - a wand of iceblast (8/15)
Scrolls
 f - 2 scrolls of enchant weapon
 g - 2 scrolls of teleportation
 n - 2 scrolls of remove curse
 p - 4 scrolls of magic mapping
 v - 2 scrolls of amnesia
Potions
 i - 2 potions of heal wounds
 j - 2 potions of curing
 o - a potion of might
 t - 2 potions of cure mutation
 u - a potion of haste
 z - a potion of beneficial mutation {unknown}
 B - a potion of agility {unknown}
 D - a potion of mutation {unknown}
Books
 c - a book of Battle

   Spells                             Type                      Level
   a - Infusion                       Charms                       1
   b - Shroud of Golubria             Charms/Translocation         2
   c - Song of Slaying                Charms                       2
   d - Spectral Weapon                Hexes/Charms                 3
   e - Regeneration                   Charms/Necromancy            3
Comestibles
 d - 4 bread rations
 k - 6 chunks of flesh
 l - 2 meat rations


   Skills:
 + Level 7.4 Fighting
 + Level 7.2 Polearms
 - Level 1.0 Armour
 - Level 1.0 Dodging
 - Level 4.2 Spellcasting
 - Level 5.1 Charms


You had 12 spell levels left.
You knew the following spells:

 Your Spells              Type           Power        Failure   Level  Hunger
a - Infusion              Chrm           ###.         3%          1    None
b - Regeneration          Chrm/Necr      #.........   28%         3    ###....


Dungeon Overview and Level Annotations

Branches:
Dungeon (7/15)             Temple (1/1) D:5

Altars:
Ashenzari
Elyvilon
Okawaru
Uskayaw


Message History

* * * LOW HITPOINT WARNING * * *
You feel as though you will be slow longer.
The warg barely misses you. The hornet barely misses you.
The warg closely misses you.
As you read the scroll of teleportation, it crumbles to dust.
You feel strangely unstable.
* * * LOW HITPOINT WARNING * * *
You feel very sick. The hornet stings you.
* * * LOW HITPOINT WARNING * * *
You are more poisoned.
You suddenly lose the ability to move!
The warg bites you.
* * * LOW HITPOINT WARNING * * *
The hornet stings you.
* * * LOW HITPOINT WARNING * * *
You are more poisoned.
You shrug off the repeated paralysis!
The warg bites you.
* * * LOW HITPOINT WARNING * * *
Your magical infusion is running out.
You die...

,,,,,,,,,,,,** *,,,....* *,**
*,,,,,,,,,,,,* *,,,....* **,*
*,***,,,,,,,,* *,,...[.* *,**
*,* *,,,,,,,,* *,,.....* **,*
,,***,,,,,,,,* *,......* **+*
*,,**,,,,,,,,* *#......* *,,,
*,,,,**,****** ####.......*
*,,, *,**,**,* ####.yFr......*
*,,, *,,,,,,,** *#*
#.....,,,......,* *.......****
..#*****##.####.***.......,,,*
..# #.* *..,,.r.....,,,* .##
#,* **##*.......,,,* .# **,**
****.......,,,* ##
*,,,****,,,,,,,,,,,,**
**,*,,,,,,**<,,,,,,,,,*


You could see a hornet, a warg, a bullfrog, a centaur and a quokka.

Vanquished Creatures
  Duvessa (D:6)
  A black bear (D:6)
  An ogre (D:5)
  3 centaurs
  5 bullfrogs (D:6)
  Dowan (D:6)
  A scorpion (D:5)
  4 wights (D:6)
  4 crimson imps
  A centaur zombie (D:5)
  2 hounds (D:7)
  2 bullfrog skeletons
  An iguana (D:5)
  An orc wizard (D:3)
  7 worker ants
  A hound skeleton (D:5)
  18 adders
  A shadow imp (D:6)
  2 adder skeletons (D:4)
  5 worms
  A dart slug (D:2)
  4 leopard geckos
  9 orcs
  6 bats
  4 giant cockroaches
  7 goblins
  8 hobgoblins
  4 jackals
  4 quokkas
  2 frilled lizards
  A jackal skeleton (D:4)
  5 kobolds
  A leopard gecko zombie (D:5)
  8 rats
126 creatures vanquished.

Notes
Turn   | Place    | Note
-------+----------+-------------------------------------------
     0 | D:1      | AAAAA the Human Skald began the quest for the Orb.
     0 | D:1      | Reached XP level 1. HP: 16/16 MP: 3/3
   330 | D:1      | Reached XP level 2. HP: 22/23 MP: 5/5
  1039 | D:2      | Found a white marble altar of Elyvilon.
  1054 | D:2      | Reached XP level 3. HP: 28/28 MP: 6/6
  1125 | D:2      | Found a shattered altar of Ashenzari.
  1562 | D:2      | Reached XP level 4. HP: 32/35 MP: 7/7
  1982 | D:2      | Found a hide-covered altar of Uskayaw.
  1982 | D:2      | Found an iron altar of Okawaru.
  1993 | D:2      | Became a worshipper of Warmaster Okawaru
  2351 | D:3      | Reached XP level 5. HP: 30/42 MP: 8/8
  3181 | D:4      | Reached XP level 6. HP: 16/49 MP: 9/9
  4035 | D:4      | Learned a level 3 spell: Regeneration
  4066 | D:4      | Reached * piety under Okawaru
  4350 | D:5      | Entered Level 5 of the Dungeon
  4409 | D:5      | Reached skill level 5 in Fighting
  4409 | D:5      | Reached XP level 7. HP: 37/56 MP: 6/10
  4738 | D:5      | Found a staircase to the Ecumenical Temple.
  4858 | D:5      | Reached skill level 5 in Polearms
  5263 | D:5      | Noticed a shadow
  5263 | D:5      | Noticed a shadow
  6656 | D:5      | Reached XP level 8. HP: 64/64 MP: 12/12
  6837 | Temple   | Entered the Ecumenical Temple
  6909 | D:6      | Reached ** piety under Okawaru
  7123 | D:6      | Reached skill level 5 in Charms
  7549 | D:6      | HP: 1/64 [bullfrog (7)]
  7558 | D:6      | HP: 3/64 [bullfrog (1)]
  7834 | D:6      | Reached XP level 9. HP: 51/71 MP: 0/15
  8024 | D:6      | Reached *** piety under Okawaru
  8090 | D:6      | Noticed Dowan
  8239 | D:6      | Killed Dowan
  8475 | D:6      | Noticed Duvessa
  8518 | D:6      | Killed Duvessa
  8821 | D:7      | Noticed a hornet
  8831 | D:7      | Paralysed by a hornet for 3 turns
  8831 | D:7      | HP: 2/72 [warg (3)]
  8832 | D:7      | Succumbed to a hornet's poison

Skill      XL: |  1  2  3  4  5  6  7  8  9 |
---------------+----------------------------+-----
Fighting       | 3 4 5 6 7 |  7.4
Polearms       | 3 4 5 6 7 |  7.2
Charms         | 4 5 |  5.1
Spellcasting   | 4 |  4.2
Armour         | |  1.0
Dodging        | |  1.0

Action                   |  1- 3 |  4- 6 |  7- 9 || total
-------------------------+-------+-------+-------++-------
Melee: Spear             |   129 |   237 |   487 ||   853
 Cast: Infusion          |     5 |    33 |    38 ||    76
       Regeneration      |       |     4 |    45 ||    49
  Use: Scroll            |       |     8 |     7 ||    15
       Potion            |       |     1 |     5 ||     6
 Stab: Sleeping          |     1 |     2 |       ||     3
  Eat: Chunk             |     2 |    10 |    17 ||    29
       Beef jerky        |       |       |     3 ||     3
       Meat ration       |       |       |     1 ||     1
Armor: Leather armour    |    23 |    36 |    57 ||   116
Dodge: Dodged            |    39 |    87 |   266 ||   392
